[Event "Titled Tuesday Blitz August 22 Early 2023"]
[White "Eynullayev, Atilla"]
[Black "Pavlidis, Anastasios"]
[WhiteFideId "13413570"]
[BlackFideId "4208404"]
[WhiteElo "2652"]
[BlackElo "2303"]
[Result "1-0"]
[Round "2"]
[TimeControl "180+1"]
[Date "2023.08.22"]
[WhiteClock "0:00:13"]
[BlackClock "0:00:00"]
[Board "106"]

1. d4 d5 2. c4 e6 3. Nc3 h6 4. Nf3 Nf6 5. cxd5 exd5 6. Bf4 Bd6 7. Bg3 O-O 8. e3 c5 9. dxc5 Bxc5 10. Bd3 Nc6 11. O-O Be6 12. h3 Qd7 13. Rc1 Bd6 14. Bxd6 Qxd6 15. Nb5 Qd7 16. Kh2 Rad8 17. Nbd4 Ne4 18. Qa4 Nxd4 19. Qxd4 a6 20. Rc2 Qd6+ 21. Kg1 Bf5 22. Rfc1 Rfe8 23. Rc7 Re7 24. Rxe7 Qxe7 25. Qb6 Rc8 26. Rxc8+ Bxc8 27. Qd4 Qc5 28. Qe5 Qc1+ 29. Kh2 Nf6 30. Qb8 g6 31. Qe5 Qc6 32. Nd4 Qb6 33. g4 Kg7 34. Kg3 Bd7 35. h4 Bxg4 36. f3 Bd7 37. h5 Kh7 38. hxg6+ Kg7 39. gxf7 Kxf7 40. Bf5 Bxf5 41. Nxf5 Qd8 42. Nxh6+ Kg6 43. Nf5 Kf7 44. Nd6+ Kf8 45. Kf2 Qe7 46. Qxe7+ Kxe7 47. Nxb7 Kd7 48. Nc5+ Kc6 49. Nxa6 Kb5 50. Nc7+ Kc6 51. Ne6 Kd6 52. Nd4 Kc5 53. Ke2 Kc4 54. Kd2 Nd7 55. b3+ Kb4 56. a4 Nc5 57. Kc2 Na6 58. f4 Nc5 59. f5 Ne4 60. Kb2 Nf6 61. Nc6+ Kc5 62. Ne7 Kd6 63. Ng6 Kc5 64. Ka3 Ne4 65. b4+ Kc4 66. a5 Kb5 67. Ne5 Nd2 68. f6 Nb1+ 69. Kb3 d4 70. exd4 Nd2+ 71. Kc3 1-0


[Site "https://www.chess.com"]

[Event "Titled Tuesday Blitz August 22 Early 2023"]
[White "Nasir, Zehn"]
[Black "Juicy_Fork"]
[WhiteFideId "2613239"]
[WhiteElo "2648"]
[BlackElo "2296"]
[Result "1-0"]
[Round "2"]
[TimeControl "180+1"]
[Date "2023.08.22"]
[WhiteClock "0:00:20"]
[BlackClock "0:00:33"]
[Board "107"]

1. d4 Nf6 2. Bf4 g6 3. Nc3 d5 4. Nf3 Bg7 5. Qd2 O-O 6. O-O-O c5 7. e3 c4 8. h4 a6 9. h5 b5 10. hxg6 fxg6 11. Ne5 b4 12. Nxd5 Nxd5 13. Bxc4 Be6 14. Bh6 Bxe5 15. Bxf8 Bd6 16. Bh6 Qa5 17. e4 Nc7 18. d5 Bf7 19. Qd4 Ne8 20. e5 Bc5 21. Qf4 b3 22. Bxb3 Qb4 23. Qxb4 Bxb4 24. e6 Nd6 25. exf7+ Nxf7 26. Bf4 Nd7 27. d6 exd6 28. Bxd6 Bxd6 29. Rxd6 Ne5 30. f4 Ng4 31. Rd7 Rf8 32. Re1 Kg7 33. Ree7 Nh6 34. g4 Kf6 35. g5+ Kf5 36. gxh6 Nxh6 37. Rxh7 Ng4 38. Rhf7+ Rxf7 39. Rxf7+ Ke4 40. Ra7 Kxf4 41. Rxa6 Ne5 42. a4 g5 43. Bd5 g4 44. Rf6+ Kg5 45. Rf8 g3 46. a5 Kh4 47. a6 Kh3 48. a7 g2 49. Bxg2+ Kxg2 50. a8=Q+ Nf3 51. Qxf3+ Kh2 52. Rh8+ Kg1 53. Rh1# 1-0


[Site "https://www.chess.com"]

[Event "Titled Tuesday Blitz August 22 Early 2023"]
[White "Tiarks, Jann-Christian"]
[Black "Ovchinnikov, Vsevolod"]
[WhiteFideId "12951595"]
[BlackFideId "24176842"]
[WhiteElo "2294"]
[BlackElo "2646"]
[Result "0-1"]
[Round "2"]
[TimeControl "180+1"]
[Date "2023.08.22"]
[WhiteClock "0:00:10"]
[BlackClock "0:00:10"]
[Board "108"]

1. e4 g6 2. d4 Bg7 3. Nc3 a6 4. a4 d6 5. Nf3 Nd7 6. Be3 b6 7. Bd3 c5 8. Qd2 cxd4 9. Bxd4 Ngf6 10. O-O O-O 11. Rfe1 Bb7 12. h3 Qc7 13. Rad1 Rfe8 14. b3 Nc5 15. e5 dxe5 16. Nxe5 Rad8 17. Bc4 e6 18. Qf4 Nh5 19. Qh2 Re7 20. g4 Nf6 21. Qf4 Ne8 22. g5 Nd7 23. Nxg6 hxg6 24. Qxc7 Nxc7 25. Bxg7 Kxg7 26. Rd6 Ne8 27. Rd2 Rc8 28. Ne4 Bxe4 29. Rxe4 Rc5 30. h4 b5 31. axb5 axb5 32. Bf1 Nc7 33. Red4 Nb6 34. b4 Rc3 35. Rd8 Nbd5 36. Rc8 f6 37. Bg2 fxg5 38. hxg5 Rf7 39. Rb8 Rc4 40. Bxd5 exd5 41. Re2 Rxb4 42. Rc8 Rg4+ 43. Kf1 Rxg5 44. Re3 Rgf5 45. Rh3 Rxf2+ 46. Ke1 Rxc2 47. Rhh8 Rc4 48. Rcg8+ Kf6 49. Rc8 Kg5 50. Ke2 Rf5 51. Rhd8 Ne6 52. Re8 Rxc8 53. Rxc8 d4 54. Rc6 Re5+ 55. Kd3 Kf5 56. Rb6 g5 0-1


[Site "https://www.chess.com"]

[Event "Titled Tuesday Blitz August 22 Early 2023"]
[White "Agibileg, Uurtsaikh"]
[Black "Ruge, Edison"]
[WhiteFideId "4901606"]
[BlackFideId "4401000"]
[WhiteElo "2645"]
[BlackElo "2285"]
[Result "1-0"]
[Round "2"]
[TimeControl "180+1"]
[Date "2023.08.22"]
[WhiteClock "0:00:06"]
[BlackClock "0:00:00"]
[Board "109"]

1. d4 d5 2. c4 e5 3. dxe5 d4 4. Nf3 Nc6 5. a3 Bg4 6. e3 dxe3 7. Qxd8+ Rxd8 8. Bxe3 Bxf3 9. gxf3 Nxe5 10. Nd2 a6 11. O-O-O Nd3+ 12. Kc2 Ne5 13. f4 Ng4 14. Bg2 Nxe3+ 15. fxe3 c6 16. Ne4 Rxd1 17. Rxd1 h6 18. Bh3 Nf6 19. Nxf6+ gxf6 20. Rd7 Bc5 21. Rxb7 O-O 22. e4 Rd8 23. Bd7 Be3 24. Bxc6 Rd2+ 25. Kc3 Rxh2 26. b4 Bxf4 27. b5 Be5+ 28. Kb4 axb5 29. cxb5 Bd6+ 30. Kc4 Bxa3 31. Bd5 Bb2 32. b6 Be5 33. Rxf7 Kh8 34. b7 Rb2 35. Be6 Rb6 36. Re7 h5 37. Kd3 h4 38. Ke2 Rb4 39. Kf3 Rb2 40. Kg4 Rb4 41. Kf5 Rb1 42. Kg6 Rg1+ 43. Kh6 Bf4+ 44. Kh5 h3 45. Bxh3 Rg7 46. Re8+ Rg8 47. Re6 Rg5+ 48. Kh4 Rb5 49. Kg4 Be5 50. Re7 Rb2 51. Kf5 Kg8 52. Kg6 Kf8 53. Rh7 Ke8 54. Be6 Kd8 55. Bd5 Rg2+ 56. Kf5 Rf2+ 57. Ke6 Rb2 58. Rd7+ Ke8 59. Bc6 Kf8 60. Rf7+ Kg8 61. Re7 Rb6 62. Kd7 Kf8 63. Rh7 Kg8 64. Rh1 Rb2 65. Bd5+ Kg7 66. Rc1 Kh6 67. Rg1 Kh5 68. Rg8 Kh4 69. Re8 Kg4 70. Rxe5 fxe5 71. Kc7 1-0


[Site "https://www.chess.com"]

[Event "Titled Tuesday Blitz August 22 Early 2023"]
[White "Acosta Cruz, Oscar Yosimar"]
[Black "Aaditya Dhingra"]
[WhiteFideId "5111269"]
[BlackFideId "25678191"]
[WhiteElo "2257"]
[BlackElo "2642"]
[Result "1-0"]
[Round "2"]
[TimeControl "180+1"]
[Date "2023.08.22"]
[WhiteClock "0:00:29"]
[BlackClock "0:00:34"]
[Board "110"]

1. d4 g6 2. Nf3 Bg7 3. Nc3 d5 4. e4 dxe4 5. Nxe4 Nf6 6. Nxf6+ exf6 7. Bc4 O-O 8. O-O Nd7 9. Re1 a5 10. a4 Nb6 11. Bb3 Nd5 12. h3 Be6 13. c3 c6 14. Bd2 Re8 15. c4 Nb4 16. Bc3 Qd7 17. Qd2 Bf5 18. Rxe8+ Rxe8 19. Bxb4 axb4 20. Qxb4 Be4 21. Rd1 Bxf3 22. gxf3 Qxh3 23. Re1 Rxe1+ 24. Qxe1 Qxf3 25. Qe3 Qg4+ 26. Kh2 Bh6 27. Qxh6 Qxd4 28. Qe3 Qxb2 29. c5 Kg7 30. Kg2 Qa3 31. Qc3 h5 32. f4 h4 33. Kh3 Kf8 34. Qc4 1-0


[Site "https://www.chess.com"]

[Event "Titled Tuesday Blitz August 22 Early 2023"]
[White "Itgelt, Khuyagtsogt"]
[Black "Liu, Leonardo"]
[WhiteFideId "4902912"]
[BlackFideId "30965780"]
[WhiteElo "2641"]
[BlackElo "2248"]
[Result "1-0"]
[Round "2"]
[TimeControl "180+1"]
[Date "2023.08.22"]
[WhiteClock "0:00:10"]
[BlackClock "0:00:29"]
[Board "111"]

1. d4 Nf6 2. c4 g6 3. g3 Bg7 4. Bg2 O-O 5. Nc3 d6 6. Nf3 Nc6 7. O-O Bg4 8. d5 Na5 9. Nd2 c5 10. Qc2 a6 11. a3 Qc8 12. Na4 Qd8 13. h3 Bxe2 14. Re1 Bxc4 15. Nxc4 Nxc4 16. Nxc5 dxc5 17. Qxc4 Nd7 18. Bg5 b5 19. Qe2 f6 20. Qe6+ Kh8 21. Bf4 Ne5 22. Rad1 Qd6 23. Bxe5 fxe5 24. Be4 Rf6 25. Qg4 Raf8 26. Re2 R6f7 27. h4 Rf6 28. h5 gxh5 29. Qxh5 Rh6 30. Qg4 c4 31. Kg2 a5 32. Re3 Rhf6 33. Re2 Rh6 34. Re3 b4 35. axb4 axb4 36. Bb1 Qf6 37. Rf3 Qxf3+ 38. Qxf3 Rxf3 39. Kxf3 Rf6+ 40. Ke2 Bh6 41. f4 exf4 42. gxf4 Rxf4 43. d6 exd6 44. Rxd6 Rf8 45. Rxh6 Re8+ 46. Kd1 Rd8+ 47. Kc1 Rf8 48. Rxh7+ Kg8 49. Rh1 Rf2 50. Be4 Kf7 51. Bd5+ Ke7 52. Bxc4 Kd6 53. Rd1+ Kc5 54. Bb3 Rh2 55. Rd5+ Kb6 56. Rd2 Kc5 57. Kc2 Rh3 58. Rd5+ Kb6 59. Rd3 Rh2+ 60. Rd2 Rh3 61. Bc4 Kc5 62. b3 Rc3+ 63. Kb2 Rh3 64. Rd5+ Kc6 65. Rb5 Rh2+ 66. Kc1 Rh1+ 67. Kd2 Rh2+ 68. Ke1 Rh1+ 69. Kf2 Rh2+ 70. Kg3 Rc2 71. Rxb4 Rc3+ 72. Kf4 Kc5 73. Rb5+ Kc6 74. Ke4 Rc1 75. Re5 Re1+ 76. Kf5 Rf1+ 77. Ke6 Rd1 78. Re4 Kc5 79. Re5+ Kb4 80. Rb5+ Kc3 81. Rd5 Re1+ 82. Kd6 Kb4 83. Kc6 Kc3 84. Kb5 Re8 85. Rd3+ Kb2 86. b4 Rb8+ 87. Kc5 Rc8+ 88. Kd4 Rd8+ 89. Bd5 Rb8 90. Kc5 Rc8+ 91. Bc6 Rh8 92. b5 Rh5+ 93. Rd5 Rh6 94. b6 Rh8 95. b7 Rb8 96. Kb6 Rxb7+ 97. Kxb7 Ka3 98. Kb6 Kb2 99. Rd3 Ka1 100. Rf3 Kb2 101. Kc5 Ka2 102. Kc4 Kb2 103. Rf2+ Ka1 104. Bd5 Kb1 105. Kc3 Ka1 106. Rf1# 1-0


[Site "https://www.chess.com"]

[Event "Titled Tuesday Blitz August 22 Early 2023"]
[White "BeautiFullMindChess"]
[Black "Czopor, Maciej"]
[BlackFideId "21805431"]
[WhiteElo "2240"]
[BlackElo "2641"]
[Result "0-1"]
[Round "2"]
[TimeControl "180+1"]
[Date "2023.08.22"]
[WhiteClock "0:00:05"]
[BlackClock "0:00:30"]
[Board "112"]

1. f4 Nh6 2. Nf3 d5 3. b3 Nf5 4. Bb2 h5 5. e3 h4 6. Be2 c5 7. Bb5+ Bd7 8. Bxd7+ Nxd7 9. O-O e6 10. Qe2 Nf6 11. d3 d4 12. e4 Ne3 13. Rc1 h3 14. g3 Neg4 15. Nbd2 Be7 16. Nc4 b5 17. Nce5 Nxe5 18. Nxe5 Qb6 19. c3 dxc3 20. Bxc3 O-O 21. Kh1 Rfd8 22. g4 Nd7 23. Nf3 Nb8 24. g5 Nc6 25. Rc2 Rd7 26. Rd1 Rad8 27. Rcd2 Bf8 28. Bb2 Bd6 29. Qe3 Qb8 30. e5 Bf8 31. g6 fxg6 32. Rg1 Qb7 33. Ng5 Nd4+ 34. Ne4 Nf5 35. Qxh3 Rxd3 36. Rxd3 Qxe4+ 37. Rf3 Nh4 38. Qxe6+ Kh7 39. Qh3 Qxf3+ 40. Qxf3 Nxf3 41. Rg3 Rd1+ 42. Kg2 Nh4+ 43. Kh3 Nf5 44. Rf3 Kg8 45. Rf2 Kf7 46. Kg4 Ke6 47. Kf3 Be7 48. Ke4 c4 49. bxc4 bxc4 50. Bc3 Rd3 51. Rc2 Re3# 0-1


[Site "https://www.chess.com"]

[Event "Titled Tuesday Blitz August 22 Early 2023"]
[White "Balint, Vilmos"]
[Black "Subelj, Jan"]
[WhiteFideId "718050"]
[BlackFideId "14618583"]
[WhiteElo "2223"]
[BlackElo "2636"]
[Result "0-1"]
[Round "2"]
[TimeControl "180+1"]
[Date "2023.08.22"]
[WhiteClock "0:02:04"]
[BlackClock "0:01:43"]
[Board "113"]

1. e4 Nc6 2. d4 d5 3. e5 Bf5 4. Bb5 e6 5. Ne2 Ne7 6. O-O a6 7. Bd3 h5 8. b3 h4 9. Ba3 Bxd3 10. Qxd3 Nf5 11. Bxf8 Rxf8 12. c4 dxc4 13. bxc4 Ncxd4 14. Nbc3 Nxe2+ 15. Qxe2 Qd4 16. Rac1 O-O-O 17. Rfd1 Qf4 18. g3 Rxd1+ 19. Rxd1 hxg3 20. hxg3 Nxg3 21. fxg3 Qxg3+ 22. Qg2 Qe3+ 23. Kf1 Qxc3 24. Qxg7 Qxc4+ 25. Ke1 Qe4+ 26. Kf1 Qf4+ 27. Ke1 Re8 28. Rd2 Kb8 29. Rf2 Qc1+ 30. Ke2 Rd8 31. Kf3 Qh1+ 32. Ke2 Qd1+ 33. Ke3 Rd3+ 34. Kf4 Qc1+ 35. Ke4 Qc4# 0-1


[Site "https://www.chess.com"]

[Event "Titled Tuesday Blitz August 22 Early 2023"]
[White "Plazuelo Pascual, Juan"]
[Black "Andreassen, Lars"]
[WhiteFideId "32059566"]
[BlackFideId "1504878"]
[WhiteElo "2635"]
[BlackElo "2222"]
[Result "1-0"]
[Round "2"]
[TimeControl "180+1"]
[Date "2023.08.22"]
[WhiteClock "0:00:07"]
[BlackClock "0:00:00"]
[Board "114"]

1. e4 d6 2. d4 Nf6 3. Nc3 e5 4. Nf3 Nbd7 5. Bc4 Be7 6. O-O O-O 7. a4 c6 8. h3 a6 9. Re1 Qc7 10. Nh4 exd4 11. Qxd4 Ne5 12. Ba2 Bxh3 13. gxh3 Nfd7 14. Kh1 Bxh4 15. Rg1 Bf6 16. Qe3 Rae8 17. Qg3 Kh8 18. h4 Rg8 19. f4 Qd8 20. fxe5 Bxh4 21. Qh3 Nxe5 22. Bf4 Ng6 23. Bh2 Rgf8 24. Rad1 Ne5 25. Ne2 g6 26. Nf4 Qe7 27. Nd3 Bf6 28. Nf2 Bg7 29. c3 f6 30. Rdf1 f5 31. exf5 Rxf5 32. Bb1 Rh5 33. Qg2 Qf6 34. Ne4 Qe6 35. Ng3 Rg5 36. Qf2 Ng4 37. Qf7 Qxf7 38. Rxf7 Nxh2 39. Kxh2 1-0


[Site "https://www.chess.com"]

[Event "Titled Tuesday Blitz August 22 Early 2023"]
[White "parintele_chess"]
[Black "Tologon tegin, Semetei"]
[BlackFideId "13800574"]
[WhiteElo "2221"]
[BlackElo "2634"]
[Result "1-0"]
[Round "2"]
[TimeControl "180+1"]
[Date "2023.08.22"]
[WhiteClock "0:00:14"]
[BlackClock "0:00:29"]
[Board "115"]

1. d4 Nf6 2. Bf4 c5 3. e3 cxd4 4. exd4 d5 5. Nf3 Nc6 6. c3 a6 7. Nbd2 Bf5 8. Be2 e6 9. O-O Bd6 10. Ne5 Bxe5 11. dxe5 Nd7 12. Nf3 Bg4 13. Re1 O-O 14. h3 Bh5 15. Nd4 Bxe2 16. Qxe2 Nxd4 17. cxd4 Qe7 18. Rac1 Rfc8 19. a3 b5 20. Qg4 Rc4 21. Bh6 Qf8 22. b3 Rxc1 23. Rxc1 Kh8 24. Rc7 Nxe5 25. Bxg7+ Qxg7 26. Qxg7+ Kxg7 27. dxe5 Kg6 28. g4 h5 29. f4 hxg4 30. hxg4 Rh8 31. Ra7 Rh4 32. f5+ exf5 33. Rxa6+ Kg5 34. gxf5 Kxf5 35. Rf6+ Kxe5 36. Rxf7 Rh3 37. Re7+ Kd4 38. a4 b4 39. a5 Rxb3 40. a6 Ra3 41. a7 Kc3 42. Re3+ Kb2 43. Rxa3 bxa3 44. a8=Q a2 45. Qb7+ Kc2 46. Qa6 Kb2 47. Qb5+ Kc2 48. Qa4+ Kb2 49. Qb4+ Kc2 50. Qa3 Kb1 51. Qb3+ Ka1 52. Qc2 1-0


[Site "https://www.chess.com"]

[Event "Titled Tuesday Blitz August 22 Early 2023"]
[White "Chen, Ryo"]
[Black "Pert, Nina"]
[WhiteFideId "7003072"]
[BlackFideId "456853"]
[WhiteElo "2634"]
[BlackElo "2213"]
[Result "1-0"]
[Round "2"]
[TimeControl "180+1"]
[Date "2023.08.22"]
[WhiteClock "0:00:50"]
[BlackClock "0:00:31"]
[Board "116"]

1. e4 c6 2. Nf3 d5 3. d3 Bg4 4. h3 Bxf3 5. Qxf3 Nf6 6. g3 e6 7. Bg2 Be7 8. O-O O-O 9. Qe2 Nbd7 10. Nd2 Nc5 11. e5 Ne8 12. d4 Nd7 13. f4 c5 14. c3 Qb6 15. Nf3 f6 16. exf6 Nexf6 17. Ng5 Ne4 18. Nxe4 dxe4 19. Qxe4 Nf6 20. Qxb7 Qxb7 21. Bxb7 Rab8 22. Bf3 cxd4 23. c4 Bc5 24. b3 Rfe8 25. Bb2 e5 26. fxe5 Rxe5 27. Rfe1 Rf5 28. Kg2 Rf8 29. Rf1 Kh8 30. Rad1 Rd8 31. g4 Re5 32. b4 Bxb4 33. Bxd4 Ree8 34. g5 Nd7 35. Bc6 Re2+ 36. Kh1 Ba5 37. Bxd7 Rxd7 38. Rf8# 1-0


[Site "https://www.chess.com"]

[Event "Titled Tuesday Blitz August 22 Early 2023"]
[White "Dilmukhametov, Artur"]
[Black "Aslanov, Umid"]
[WhiteFideId "24179922"]
[BlackFideId "13412620"]
[WhiteElo "2167"]
[BlackElo "2633"]
[Result "1/2-1/2"]
[Round "2"]
[TimeControl "180+1"]
[Date "2023.08.22"]
[WhiteClock "0:02:15"]
[BlackClock "0:03:02"]
[Board "117"]

1. e4 c5 2. Nf3 d6 3. Bb5+ Bd7 4. Bxd7+ Qxd7 5. O-O Nc6 6. c3 Nf6 7. d4 cxd4 8. cxd4 Nxe4 9. d5 Ne5 10. Re1 Nf6 11. Nxe5 dxe5 12. Rxe5 g6 13. Nc3 Bg7 14. Qe2 Ng4 15. Re4 Nf6 16. Re5 Ng4 17. Re4 Nf6 18. Re5 1/2-1/2


[Site "https://www.chess.com"]

[Event "Titled Tuesday Blitz August 22 Early 2023"]
[White "Mendez Fortes, Eduardo Jesus"]
[Black "Feliz Dotel, Dewar Bienvenido"]
[WhiteFideId "3502376"]
[BlackFideId "6402801"]
[WhiteElo "2633"]
[BlackElo "2136"]
[Result "1-0"]
[Round "2"]
[TimeControl "180+1"]
[Date "2023.08.22"]
[WhiteClock "0:00:21"]
[BlackClock "0:00:01"]
[Board "118"]

1. e4 e5 2. Nf3 Nc6 3. Bb5 Nf6 4. O-O Nxe4 5. Re1 Nd6 6. Nxe5 Be7 7. Bf1 Nxe5 8. Rxe5 O-O 9. d4 Ne8 10. d5 Bc5 11. Nd2 d6 12. Re1 Nf6 13. Nb3 Bb6 14. Bg5 Bg4 15. Qd2 h6 16. Bh4 Bf5 17. Bd3 Bxd3 18. Qxd3 Re8 19. Rxe8+ Qxe8 20. Bxf6 gxf6 21. Nd2 Qe5 22. c3 Re8 23. Rf1 Qe2 24. Qg3+ Kh7 25. Qf4 Qe5 26. Qf3 Rg8 27. Ne4 f5 28. Ng3 f4 29. Ne2 Rg5 30. Nxf4 Rf5 31. g3 Qf6 32. Kg2 Qe5 33. Rd1 a5 34. Rd2 a4 35. Re2 Qf6 36. Qe4 Kg7 37. Qe8 Re5 38. Rxe5 Qxe5 39. Qxe5+ dxe5 40. Nd3 Kf6 41. Kf3 a3 42. bxa3 Ba5 43. c4 Bb6 44. Ke4 Bd4 45. f4 Bg1 46. fxe5+ Ke7 47. Nf4 Bxh2 48. g4 c6 49. d6+ Kd7 50. c5 Bg3 51. Kf5 Bh2 52. e6+ fxe6+ 53. Nxe6 b6 54. cxb6 Kxd6 55. b7 Ke7 56. Nf4 1-0


[Site "https://www.chess.com"]

[Event "Titled Tuesday Blitz August 22 Early 2023"]
[White "Hartikainen, Jarmo"]
[Black "Sun, Rick"]
[WhiteFideId "503134"]
[BlackFideId "30909481"]
[WhiteElo "2112"]
[BlackElo "2633"]
[Result "0-1"]
[Round "2"]
[TimeControl "180+1"]
[Date "2023.08.22"]
[WhiteClock "0:00:01"]
[BlackClock "0:00:15"]
[Board "119"]

1. e4 d6 2. d4 Nf6 3. Nc3 Nbd7 4. Nf3 e5 5. Bc4 Be7 6. dxe5 dxe5 7. Bg5 O-O 8. Qd2 c6 9. O-O-O b5 10. Bd3 Qa5 11. Kb1 b4 12. Ne2 Nc5 13. Ng3 Be6 14. a3 Na4 15. Bxf6 Nc3+ 16. Kc1 Na2+ 17. Kb1 Nc3+ 18. Kc1 bxa3 19. Qxc3 Bb4 20. Bxe5 axb2+ 21. Qxb2 Ba3 22. Bc3 Qxc3 23. Qxa3 Qxa3+ 24. Kd2 Rad8 25. Ke2 Qb4 26. Ng5 Bc4 27. Nf5 Bxd3+ 28. Rxd3 Rxd3 29. cxd3 h6 30. Nf3 Qb2+ 31. Ke3 a5 32. Rd1 Qb6+ 33. Ke2 a4 34. Rd2 a3 35. N3d4 Qa6 36. Ra2 Rb8 37. Ne7+ Kh8 38. Nexc6 Rb2+ 39. Ke3 Rxa2 40. Nb4 Qb6 41. Nxa2 Qb2 42. Nc3 Qxc3 43. Nb5 Qb4 44. Nxa3 Qxa3 45. f3 Qa7+ 46. d4 Kg8 47. g4 f6 48. h4 Kf7 49. h5 g6 50. Kd3 gxh5 51. gxh5 Qa6+ 52. Ke3 Qa3+ 53. Kf4 Ke6 54. d5+ Kf7 55. Kf5 Qd6 56. Kg4 Qd7+ 57. Kg3 Ke7 58. f4 Kd6 59. e5+ fxe5 60. fxe5+ Kxe5 61. Kf3 Qxd5+ 62. Kg4 Qe4+ 63. Kg3 Qf4+ 0-1


[Site "https://www.chess.com"]

[Event "Titled Tuesday Blitz August 22 Early 2023"]
[White "Buraczewski, Rafal"]
[Black "Zarubitski, Viachaslau"]
[WhiteFideId "1155245"]
[BlackFideId "13509373"]
[WhiteElo "2108"]
[BlackElo "2631"]
[Result "1/2-1/2"]
[Round "2"]
[TimeControl "180+1"]
[Date "2023.08.22"]
[WhiteClock "0:00:01"]
[BlackClock "0:00:01"]
[Board "120"]

1. d4 Nf6 2. Nf3 e6 3. c4 d5 4. Nc3 c6 5. Bg5 h6 6. Bh4 Be7 7. e3 Nbd7 8. Qc2 O-O 9. Rd1 b6 10. cxd5 cxd5 11. Bd3 Bb7 12. O-O Rc8 13. Qe2 Ne4 14. Bxe7 Qxe7 15. Bxe4 dxe4 16. Nd2 Nf6 17. Qb5 Rc7 18. a3 Rfc8 19. Rc1 Bd5 20. Rfe1 Qd7 21. Qxd7 Nxd7 22. Rcd1 f5 23. f3 exf3 24. gxf3 Nf6 25. Rc1 Ba8 26. Kf2 Nd5 27. Ne2 Kf7 28. Rxc7+ Rxc7 29. Rc1 g5 30. Rxc7+ Nxc7 31. Nc4 Bd5 32. Ne5+ Ke7 33. Nc3 Bb7 34. e4 Ne8 35. Ke3 Nd6 36. b3 h5 37. Nc4 Nxc4+ 38. bxc4 Ba6 39. c5 f4+ 40. Kd2 bxc5 41. dxc5 Kd7 42. Na4 Kc6 43. Kc3 Bb5 44. Nb2 Kxc5 45. Nd1 Be2 46. Nf2 Bxf3 47. a4 Be2 48. e5 Kd5 49. Nh3 Kxe5 50. Nxg5 f3 51. Kd2 Kf4 52. Nxe6+ Kg4 53. Ke3 Kh3 54. Nf4+ Kxh2 55. Nxh5 Kg1 56. Ng3 Bd1 57. Ne4 Kg2 58. a5 Ba4 59. Nf2 Bc2 60. Ng4 Kg3 61. Nf2 Bf5 62. Nd1 Bg6 63. Nf2 Bc2 64. Nh1+ Kg2 65. Nf2 Ba4 66. Ng4 Bc6 67. Nf2 Kf1 68. Ng4 Ke1 69. Nf2 Bb7 70. Nd3+ Kd1 71. Ne5 Kc2 72. Nxf3 Kb3 73. Nd4+ Kb4 74. Kd2 Kxa5 75. Kc3 Bd5 76. Nb3+ Ka4 77. Nc5+ Kb5 78. Nb3 Ka4 79. Nc5+ Ka3 80. Na6 Bb7 81. Nc5 Bc8 82. Nd3 a5 83. Nc5 a4 84. Nxa4 1/2-1/2


[Site "https://www.chess.com"]

[Event "Titled Tuesday Blitz August 22 Early 2023"]
[White "elcala"]
[Black "Sharan, Rao"]
[BlackFideId "5073464"]
[WhiteElo "1701"]
[BlackElo "2627"]
[Result "0-1"]
[Round "2"]
[TimeControl "180+1"]
[Date "2023.08.22"]
[WhiteClock "0:00:00"]
[BlackClock "0:00:30"]
[Board "121"]

1. d4 Nf6 2. Nf3 d5 3. Bf4 Bf5 4. e3 e6 5. Bd3 Bg6 6. O-O Bd6 7. Ne5 Nbd7 8. Nd2 Nh5 9. Ndf3 Nxf4 10. exf4 Nf6 11. Qe2 Qe7 12. c3 Be4 13. Bxe4 Nxe4 14. Nd2 Nxd2 15. Qxd2 O-O 16. g3 c5 17. Rac1 Rac8 18. Qe3 Rc7 19. a4 Rfc8 20. Kg2 Qe8 21. b3 b5 22. axb5 Qxb5 23. Rb1 cxd4 24. cxd4 Rc3 25. Qe1 h6 26. Qd1 Rc2 27. Re1 Ra2 28. Re3 Rcc2 0-1


[Site "https://www.chess.com"]

[Event "Titled Tuesday Blitz August 22 Early 2023"]
[White "Pax-Pramana"]
[Black "Naroditsky, Daniel"]
[BlackFideId "2026961"]
[WhiteElo "2482"]
[BlackElo "3198"]
[Result "0-1"]
[Round "2"]
[TimeControl "180+1"]
[Date "2023.08.22"]
[WhiteClock "0:00:14"]
[BlackClock "0:00:39"]
[Board "122"]

1. e4 Nf6 2. Nc3 d5 3. e5 Nfd7 4. Nxd5 Nxe5 5. Ne3 c5 6. Nf3 Nbc6 7. Bb5 Bd7 8. O-O Nxf3+ 9. Qxf3 Nd4 10. Bxd7+ Qxd7 11. Qh5 e6 12. c3 Nc6 13. Qg5 f6 14. Qh5+ g6 15. Qf3 Bg7 16. b3 Ne5 17. Qe4 f5 18. Qh4 O-O 19. Ba3 Nd3 20. Nc2 Rad8 21. Rad1 b6 22. Ne1 e5 23. Qh3 e4 24. f3 Nf4 25. Qh4 Ne2+ 26. Kh1 Nxc3 27. Ra1 Qxd2 28. Bc1 Qe2 29. Kg1 Bd4+ 0-1


[Site "https://www.chess.com"]

[Event "Titled Tuesday Blitz August 22 Early 2023"]
[White "JeRoma71"]
[Black "DeyanKostov"]
[WhiteElo "2875"]
[BlackElo "2477"]
[Result "1-0"]
[Round "2"]
[TimeControl "180+1"]
[Date "2023.08.22"]
[WhiteClock "0:00:33"]
[BlackClock "0:00:04"]
[Board "123"]

1. Nf3 d5 2. g3 Bg4 3. Ne5 Bf5 4. d4 e6 5. Bg2 Bd6 6. O-O Bxe5 7. dxe5 Nd7 8. c4 c6 9. cxd5 cxd5 10. Nc3 Ne7 11. e4 dxe4 12. Nxe4 Bxe4 13. Bxe4 Nc5 14. Bg2 O-O 15. Be3 Nd7 16. f4 Nb6 17. Bxb7 Rb8 18. Qxd8 Rfxd8 19. Ba6 Nbd5 20. Bf2 Rxb2 21. Rfb1 Rdb8 22. Rxb2 Rxb2 23. Bxa7 Nc6 24. Bf2 g5 25. fxg5 Nxe5 26. h4 Ng4 27. Ba7 e5 28. a4 e4 29. a5 e3 30. Re1 Ra2 31. Be2 Rxa5 32. Bxg4 Rxa7 33. Bf3 Ra5 34. Bxd5 Rxd5 35. Rxe3 Kg7 36. Kf2 Ra5 37. Kf3 Ra4 38. Re4 Ra1 39. Rf4 Ra5 40. Kg4 Rb5 41. h5 h6 42. gxh6+ Kxh6 43. Rxf7 Rg5+ 44. Kf4 Rxh5 45. Rf6+ Kg7 46. Rf5 Rh1 47. Rg5+ Kf7 48. Rb5 Rf1+ 49. Kg5 Ra1 50. Rb7+ Kg8 51. g4 Ra5+ 52. Kh6 Ra6+ 53. Kh5 Ra1 54. g5 Ra2 55. Kh6 Rh2+ 56. Kg6 Kf8 57. Rb8+ Ke7 58. Kg7 Rg2 59. g6 Rg1 60. Rb3 Ke6 61. Re3+ Kf5 62. Rf3+ Ke6 63. Kh7 Rh1+ 64. Kg8 Rg1 65. g7 Ke7 66. Re3+ Kf6 67. Kf8 Rxg7 68. Rf3+ 1-0


[Site "https://www.chess.com"]

[Event "Titled Tuesday Blitz August 22 Early 2023"]
[White "Mmukka"]
[Black "Rustemov, Alexander"]
[BlackFideId "4119002"]
[WhiteElo "2480"]
[BlackElo "2867"]
[Result "0-1"]
[Round "2"]
[TimeControl "180+1"]
[Date "2023.08.22"]
[WhiteClock "0:00:05"]
[BlackClock "0:00:06"]
[Board "124"]

1. e4 e6 2. d4 d5 3. Nc3 dxe4 4. Nxe4 Bd7 5. Nf3 Bc6 6. Bd3 Nd7 7. O-O Ngf6 8. Ng3 Be7 9. Re1 O-O 10. c3 b6 11. Bf4 Bb7 12. Qe2 c5 13. Rad1 Bxf3 14. Qxf3 cxd4 15. cxd4 Nd5 16. Bd2 N7f6 17. Ne4 Rc8 18. a3 Qd7 19. h4 Rfd8 20. Ng5 h6 21. Nh3 Ne8 22. h5 Ndf6 23. Be3 Qd5 24. Qxd5 Nxd5 25. Rc1 Nef6 26. Be2 Bd6 27. g4 Kf8 28. Bf3 Ke7 29. Kg2 Kd7 30. g5 hxg5 31. Nxg5 Ke7 32. Ne4 Rxc1 33. Rxc1 Rh8 34. Nxd6 Kxd6 35. Rh1 Nxe3+ 36. fxe3 e5 37. dxe5+ Kxe5 38. Kg3 Ne8 39. Rd1 Nd6 40. Rd5+ Ke6 41. Rg5 Kf6 42. Kf4 Re8 43. Rd5 Nc4 44. e4 Ne5 45. Rd6+ Re6 46. Rxe6+ Kxe6 47. Be2 Kf6 48. Bf1 Ke6 49. Be2 a5 50. a4 Kd6 51. Bb5 f6 52. Kf5 Ke7 53. Be2 Kf7 54. Bf1 Nf3 55. Bc4+ Ke7 56. Kg6 Kf8 57. Be6 Ne5+ 58. Kh7 Nf3 59. Bf5 Ng5+ 60. Kg6 Nf7 61. Kh7 Nh6 62. Kg6 Ng8 63. Be6 Ne7+ 64. Kh7 Nc6 65. Bc4 Ne5 66. Be6 Nd3 67. Bf5 Nxb2 68. Kg6 Nxa4 69. h6 gxh6 70. Kxf6 Nc5 71. e5 a4 72. e6 Nxe6 73. Bxe6 h5 74. Kg5 Ke7 75. Ba2 Kd6 76. Kxh5 b5 77. Kg4 b4 78. Kf3 b3 79. Bb1 a3 80. Ke2 a2 81. Bxa2 bxa2 82. Kd2 a1=Q 0-1


[Site "https://www.chess.com"]

[Event "Titled Tuesday Blitz August 22 Early 2023"]
[White "Putnam, Liam"]
[Black "Buchenau, Frank"]
[WhiteFideId "30938279"]
[BlackFideId "4604350"]
[WhiteElo "2825"]
[BlackElo "2426"]
[Result "1-0"]
[Round "2"]
[TimeControl "180+1"]
[Date "2023.08.22"]
[WhiteClock "0:01:50"]
[BlackClock "0:00:11"]
[Board "125"]

1. d4 e6 2. c4 Nf6 3. Nf3 b6 4. g3 Bb7 5. Bg2 Be7 6. O-O O-O 7. Nc3 Ne4 8. Qc2 Nxc3 9. Qxc3 f5 10. b4 Bf6 11. Bb2 c5 12. bxc5 bxc5 13. Rfd1 Be4 14. Qd2 Qb6 15. Ba3 d6 16. Rac1 Qa6 17. Qe3 cxd4 18. Nxd4 Bxd4 19. Rxd4 Bxg2 20. Kxg2 e5 21. Rxd6 Qb7+ 22. Kg1 Nc6 23. Rcd1 Rf7 24. Qc5 Rc8 25. Rxc6 Qxc6 26. Qxc6 Rxc6 27. Rd8+ Rf8 28. Rxf8# 1-0


[Site "https://www.chess.com"]